 Dungeon Crawl Stone Soup version 0.30.0-5-g1a98f26d00 (webtiles) character file.

Game seed: 4839792088916119112

4526 MacCMillion the Cleaver (level 10, -1/88 HPs)
             Began as a Minotaur Fighter on May 8, 2023.
             Was a Believer of Trog.
             Slain by a wolf (2 damage)
             ... led by Grum
             ... on level 8 of the Dungeon.
             The game lasted 00:10:31 (8162 turns).

MacCMillion the Cleaver (Minotaur Fighter)          Turns: 8162, Time: 00:10:31

Health: -1/88      AC: 12    Str: 24    XL:     10   Next: 17%
Magic:  9/9        EV:  8    Int:  5    God:    Trog [**....]
Gold:   400        SH:  4    Dex: 11    Spells: 9/9 levels left

rFire   . . .        a - +0 war axe
rCold   . . .        c - +0 buckler
rNeg    . . .        s - +0 chain mail
rPois   .            (helmet restricted)
rElec   .            D - +0 cloak
rCorr   .            (no gloves)
SInv    .            (no boots)
Will    .....        (no amulet) Stlth
                     F - ring of flight
HPRegen 0.34/turn    (no ring)
MPRegen 0.11/turn

%: no passive effects
@: mighty, flying
A: horns 2, retaliatory headbutt
a: Renounce Religion, Berserk, Trog's Hand


You were on level 8 of the Dungeon.
You worshipped Trog.
Trog was pleased with you.
You visited 1 branch of the dungeon, and saw 8 of its levels.

You collected 400 gold pieces.

Inventory:

Hand Weapons
 a - a +0 war axe (weapon)
Missiles
 e - a throwing net
 k - 19 poisoned darts (quivered)
 E - 2 boomerangs
Armour
 c - a +0 buckler (worn)
 s - a +0 chain mail (worn)
 D - a +0 cloak (worn)
Jewellery
 F - a ring of flight (left hand)
Wands
 p - a wand of roots (15)
 v - a wand of flame (30)
 y - a wand of mindburst (16)
Scrolls
 f - a scroll of fear {unknown}
 g - a scroll of butterflies {unknown}
 h - 3 scrolls of magic mapping
 j - 2 scrolls of amnesia
 l - 7 scrolls of identify {unknown}
 q - 2 scrolls of fog {unknown}
 r - 2 scrolls of teleportation {unknown}
 t - a scroll of poison {unknown}
 u - a scroll of immolation {unknown}
 x - 3 scrolls of vulnerability {unknown}
 B - a scroll of noise {unknown}
 C - a scroll of enchant armour {unknown}
Potions
 b - 2 potions of flight {unknown}
 d - 4 potions of might
 i - 5 potions of curing {unknown}
 m - a potion of attraction {unknown}
 n - 3 potions of cancellation {unknown}
 o - a potion of heal wounds {unknown}
 w - 2 potions of mutation {unknown}
 z - 2 potions of berserk rage {unknown}
 A - 2 potions of degeneration {unknown}


   Skills:
 + Level 8.0 Fighting
 * Level 13.9 Axes
 + Level 8.1 Armour
 - Level 4.0 Shields
 - Level 3.0 Evocations


You had 9 spell levels left.
You didn't know any spells.
Your spell library was empty.

Dungeon Overview and Level Annotations

Branches:
Dungeon (8/15)             Temple (0/1) D:5
   Lair: D:8-11

Altars:
Dithmenos
Fedhas
Hepliaklqana
Kikubaaqudgha
Makhleb
Nemelex Xobeh
Trog
Vehumet
Xom
Zin
The Shining One

Annotations:
D:5 exclusion: statue
D:7 2 transporters, mistmaker's ghost, novice TeAE
D:8 Grum


Innate Abilities, Weirdness & Mutations

You have a pair of horns on your head.
You reflexively headbutt those who attack you in melee.


Message History

The wolf bites you but does no damage. x2; The wolf bites you.
Grum hits you from afar with a +0 glaive!
You closely miss the wolf.
The wolf is heavily wounded.
You closely miss the wolf. You barely miss the wolf.
The wolf bites you but does no damage. The wolf bites you.
The wolf bites you but does no damage. You block the wolf's attack.
The wolf barely misses you. The wolf bites you!
Grum hits you from afar with a +0 glaive!
* * * LOW HITPOINT WARNING * * *
As you read the scroll labelled REGA LULAPELO, it crumbles to dust.
You feel aware of your surroundings.
It was a scroll of magic mapping.
The wolf bites you.
* * * LOW HITPOINT WARNING * * *
The wolf closely misses you. The wolf bites you.
* * * LOW HITPOINT WARNING * * *
The wolf bites you but does no damage. You block the wolf's attack.
Grum hits you but does no damage. You block the wolf's attack.
The wolf barely misses you. The wolf bites you but does no damage.
As you read the scroll labelled HICKIMO EFEOF, it crumbles to dust.
It is a scroll of amnesia.
You feel forgetful for a moment. The wolf bites you!
* * * LOW HITPOINT WARNING * * *
The wolf bites you but does no damage. The wolf misses you.
The wolf barely misses you. The wolf bites you.
* * * LOW HITPOINT WARNING * * *
You block Grum's attack. The wolf bites you but does no damage.
The wolf barely misses you. The wolf closely misses you.
You furiously retaliate!
You headbutt the wolf. The wolf bites you.
* * * LOW HITPOINT WARNING * * *
The wolf bites you but does no damage.
Okay, then.
You feel very mighty all of a sudden. You block the wolf's attack.
The wolf barely misses you. You furiously retaliate!
You headbutt the wolf. The wolf barely misses you. The wolf bites you.
* * * LOW HITPOINT WARNING * * *
Grum hits you but does no damage. The wolf bites you.
You die...

,*###...........###.....####***,,
,,...........................##..
**...#..............#............
*..........#....................
**...#......#..#.................
,,,,.#......#.####...............
*,,...........####...............
*,.............h#..#.........#*,,
*,...#.......<.h@..........#****#
**..........###hh##.#####..#####.
*#.......hg..#g.##.# #........
***##....>.##...###.#####..###...
,,,............................#.
****###.##.......###.#...##......
#.........#...#.###.........
#.........##....########....
#........#####.......##.....


You could see Grum and 4 wolves.

Vanquished Creatures
  A two-headed ogre (D:7)
  Prince Ribbit (D:7)
  5 yaks
  A steam dragon (D:7)
  Menkaure (D:4)
  2 water moccasins (D:6)
  A sky beast (D:7)
  2 ice beasts
  A black bear (D:5)
  An ogre (D:5)
  2 centaurs
  A phantom (D:5)
  5 bullfrogs
  3 scorpions
  4 wights (D:7)
  2 jellies
  2 killer bees (D:5)
  4 howler monkeys
  2 gnoll boudas
  3 hounds
  2 orc priests
  A sleepcap (D:5)
  5 iguanas
  Natasha (D:3)
  7 orc wizards
  A hound skeleton (D:3)
  15 gnolls
  7 adders
  A white imp (D:6)
  4 dart slugs
  An adder simulacrum (D:3)
  17 orcs
  9 ball pythons
  4 bats
  2 endoplasms (D:3)
  4 giant cockroaches
  8 goblins
  7 hobgoblins
  3 quokkas
  A ball python skeleton (D:3)
  A ball python zombie (D:3)
  7 frilled lizards
  4 kobolds
  A quokka skeleton (D:3)
  4 rats
161 creatures vanquished.

Notes
Turn   | Place    | Note
-------+----------+-------------------------------------------
     0 | D:1      | MacCMillion the Minotaur Fighter began the quest for the
                  | Orb.
     0 | D:1      | Reached XP level 1. HP: 19/19 MP: 0/0
    68 | D:1      | Reached XP level 2. HP: 18/26 MP: 1/1
    91 | D:1      | Reached skill level 3 in Axes
   193 | D:1      | Found a faded altar of an unknown god.
   481 | D:1      | Reached XP level 3. HP: 31/31 MP: 2/2
   597 | D:2      | Reached skill level 4 in Axes
  1297 | D:3      | Identified the +5 short sword of Perfectionism {pain,
                  | Fragile Fly rF+ Int+3}
  1322 | D:3      | Found a bloodstained altar of Trog.
  1413 | D:3      | Became a worshipper of Trog the Wrathful
  1589 | D:3      | Reached skill level 5 in Axes
  1589 | D:3      | Reached XP level 4. HP: 29/39 MP: 3/3
  1657 | D:3      | Found an ancient bone altar of Kikubaaqudgha.
  1777 | D:3      | Noticed Natasha
  1813 | D:3      | Killed Natasha
  1966 | D:3      | Found a glowing golden altar of the Shining One.
  2170 | D:3      | Reached skill level 6 in Axes
  2170 | D:3      | Reached XP level 5. HP: 45/45 MP: 4/4
  2173 | D:3      | Identified the +5 dagger of Virtue {pain, *Noise rPois
                  | SInv}
  2201 | D:4      | Reached * piety under Trog
  2571 | D:4      | Noticed Menkaure
  2584 | D:4      | Killed Menkaure
  2585 | D:4      | Reached skill level 7 in Axes
  2585 | D:4      | Reached XP level 6. HP: 34/51 MP: 5/5
  2767 | D:4      | Reached skill level 8 in Axes
  2954 | D:4      | Found a glowing silver altar of Zin.
  2956 | D:4      | Found a shimmering altar of Xom.
  2962 | D:4      | Found a shadowy altar of Dithmenos.
  3250 | D:5      | Entered Level 5 of the Dungeon
  3266 | D:5      | Reached skill level 9 in Axes
  3266 | D:5      | Reached XP level 7. HP: 48/57 MP: 6/6
  3295 | D:5      | Found a burning altar of Makhleb.
  3319 | D:5      | Found a hazy altar of Hepliaklqana.
  3575 | D:5      | Reached skill level 10 in Axes
  3655 | D:5      | Found a staircase to the Ecumenical Temple.
  3700 | D:5      | Found a shimmering altar of Xom.
  4071 | D:5      | Reached ** piety under Trog
  4072 | D:5      | Reached XP level 8. HP: 67/67 MP: 7/7
  4133 | D:5      | Found a radiant altar of Vehumet.
  4670 | D:6      | Reached skill level 11 in Axes
  4670 | D:6      | Reached skill level 1 in Evocations
  4759 | D:6      | Reached skill level 5 in Armour
  4804 | D:6      | Reached skill level 5 in Fighting
  5079 | D:6      | Found a sparkling altar of Nemelex Xobeh.
  5500 | D:6      | Reached XP level 9. HP: 64/75 MP: 8/8
  5741 | D:6      | Reached skill level 12 in Axes
  5958 | D:7      | Found a blossoming altar of Fedhas.
  6858 | D:7      | Found a transporter.
  6858 | D:7      | Found a transporter.
  6862 | D:7      | Noticed mistmaker's ghost (novice TeAE)
  6931 | D:7      | Identified the ring "Fosotogustre" {rF+ MP+9 Int-2 Dex+6
                  | SInv Stlth+}
  7155 | D:8      | Noticed Prince Ribbit
  7172 | D:7      | Reached skill level 13 in Axes
  7180 | D:7      | Killed Prince Ribbit
  7769 | D:8      | Noticed a two-headed ogre
  7779 | D:7      | Killed a two-headed ogre
  7780 | D:7      | Reached XP level 10. HP: 85/88 MP: 9/9
  8145 | D:8      | Noticed Grum
  8161 | D:8      | HP: 4/88 [wolf[Grum] (1)]
  8162 | D:8      | HP: 1/88 [wolf[Grum] (4)]
  8162 | D:8      | Slain by a wolf

Illustrated notes

Levels and vault maps discovered:
D:1:      ebering_trefoil_3fold, layout_basic,
          shapermc_ecumenical_altar_notcrosses, minmay_nonomino_d4
D:2:      layout_loops_ring
D:3:      layout_loops_ring, mainiacjoe_overflow_chevrons, tso_oasis_becter,
          amcnicky_altar_gilded, dilly_guarded_unrand_morg
D:4:      layout_gridville, gammafunk_temple_overflow_forgotten, minivault_19,
          uniq_menkaure
D:5:      layout_cave_pools, vehumet_statue, lemuel_round_altar,
          minmay_temple_entry_statues_fountains, serial_bayou,
          serial_bayou_pond_a, serial_bayou_crossing, serial_bayou_ford_a,
          serial_bayou_lagoon_b, hangedman_feature_mirror
D:6:      layout_basic, nemelex_xobeh_ov_fountains_minmay
D:7:      layout_loops_ring, overflow_temple_1_default,
          gammafunk_ghost_gnarly_gnolls
D:8:      layout_rooms, uniq_grum, uniq_prince_ribbit1

Skill      XL: |  1  2  3  4  5  6  7  8  9 10 |
---------------+-------------------------------+-----
Axes           | 3 5 6 7 9 10 11 13 | 13.9
Shields        | 4 |  4.0
Fighting       | 4 5 7 8 |  8.0
Armour         | 4 5 7 8 |  8.1
Evocations     | 2 3 |  3.0

Action                     |  1- 3 |  4- 6 |  7- 9 | 10-12 || total
---------------------------+-------+-------+-------+-------++-------
  Melee: War axe           |    96 |   107 |   226 |    32 ||   461
         Headbutt          |    15 |    15 |    47 |     6 ||    83
  Throw: Dart              |       |       |    11 |       ||    11
 Invoke: Berserk           |       |     2 |     3 |       ||     5
    Use: Scroll            |       |       |       |     2 ||     2
         Potion            |       |       |       |     1 ||     1
 Armour: Scale mail        |    50 |       |       |       ||    50
         Chain mail        |     3 |    48 |    93 |    34 ||   178
  Dodge: Dodged            |    51 |    46 |    68 |    23 ||   188
  Block: Buckler           |    24 |    15 |    46 |    10 ||    95
